 Dungeon Crawl Stone Soup version 0.19-a0-994-g3c636f0 (webtiles) character file.

78 rageheart7 the Twirler (level 4, 0/25 HPs)
             Began as a Tengu Wanderer on July 15, 2016.
             Slain by Grinder (6 damage)
             ... on level 3 of the Dungeon.
             The game lasted 00:04:44 (1947 turns).

rageheart7 the Twirler (Tengu Wanderer)             Turns: 1947, Time: 00:04:45

Health: 0/25       AC:  3    Str: 13    XL:     4   Next: 36%
Magic:  6/6        EV: 12    Int:  9    God:
Gold:   134        SH:  0    Dex: 19    Spells: 0 memorised, 5 levels left

rFire  . . .     SeeInvis .     j - +0 whip (elec)
rCold  . . .     Gourm    .     d - +0 robe
rNeg   . . .     Faith    .     (no shield)
rPois  .         Spirit   .     (helmet restricted)
rElec  .         Dismiss  .     (no cloak)
rCorr  .         Reflect  .     (no gloves)
SustAt .         Harm     .     (boots unavailable)
MR     .....                    (no amulet)
Stlth  ++........               i - +2 ring of dexterity
                                h - +1 ring of protection

@: lethally poisoned (0 -> -9), very slightly contaminated, hasted, very quick,
not resistant to hostile enchantments, unstealthy
A: beak, talons 3
a: no special abilities


You were on level 3 of the Dungeon.
You were not hungry.

You visited 1 branch of the dungeon, and saw 3 of its levels.

You collected 134 gold pieces.

Inventory:

Hand Weapons
 c - a +1 quarterstaff
 j - a +0 whip of electrocution (weapon)
Armour
 a - a +0 shield
 d - a +0 robe (worn)
Jewellery
 h - a +1 ring of protection (left hand)
 i - a +2 ring of dexterity (right hand)
Scrolls
 l - a scroll of teleportation {unknown}
 m - 2 scrolls of fog {unknown}
Potions
 e - a potion of cancellation
Comestibles
 f - 2 bread rations
 k - a meat ration


   Skills:
 + Level 1.5 Fighting
 * Level 0.7(3.6) Maces & Flails
 - Level 5.7(5.8) Staves
 - Level 1.0 Dodging
 - Level 1.0 Stealth
 + Level 1.0 Shields
 + Level 1.0 Spellcasting
   Level 1.0 Translocations
   Level 1.1 Fire Magic


You had 5 spell levels left.
You didn't know any spells.

Dungeon Overview and Level Annotations

Branches:
Dungeon (3/15)

Altars:
Gozag

Annotations:
D:3 Grinder


Innate Abilities, Weirdness & Mutations

You have a beak for a mouth.
You have claws for feet.


Message History

You closely miss the adder. You peck the adder.
The adder is moderately wounded.
The adder closely misses you.
You hit the adder. Your kick misses the adder.
The adder is heavily wounded.
The adder bites you.
You are lethally poisoned!
The adder poisons you!
You miss the adder. Your peck misses the adder.
The adder is heavily wounded.
* * * LOW HITPOINT WARNING * * *
You feel sick. The adder closely misses you.
You hit the adder. You claw the adder, but do no damage.
The adder is almost dead.
You hit the adder.
You kill the adder!
* * * LOW HITPOINT WARNING * * *
You feel sick. Grinder hits you.
You die...

### #.# ... #..
#####.# .....#
#.#.############
#.!...5@.......#
..........#######.##
.####.#.### #.#
#.#.# #.# # #.# #.#
#.# #.# ... #<# #.#
#)# #.#


You could see Grinder.

Vanquished Creatures
  2 adders
  An ooze (D:1)
  A worm (D:2)
  2 dart slugs
  5 bats
  2 giant cockroaches
  6 goblins
  6 hobgoblins
  6 jackals (D:1)
  2 quokkas (D:2)
  2 giant newts (D:2)
  4 kobolds
  7 rats
46 creatures vanquished.

Notes
Turn   | Place    | Note
-------+----------+-------------------------------------------
     0 | D:1      | rageheart7 the Tengu Wanderer began the quest for the Orb.
     0 | D:1      | rageheart7 set off with: a +0 shield, a +0 spear, a +0 quarterstaff, a +0 robe, a bread ration
     0 | D:1      | Reached XP level 1. HP: 12/12 MP: 3/3
   158 | D:1      | Reached XP level 2. HP: 16/16 MP: 4/4
   259 | D:1      | Reached skill level 5 in Staves
   735 | D:1      | Reached XP level 3. HP: 16/20 MP: 5/5
  1422 | D:2      | Reached skill level 1 in Dodging
  1478 | D:2      | Reached XP level 4. HP: 25/25 MP: 6/6
  1489 | D:2      | Found an opulent altar of Gozag.
  1932 | D:3      | Noticed Grinder
  1947 | D:3      | Slain by Grinder

Vault maps used:
D:1:      minmay_arrival_cross
D:2:      lemuel_doored_altar
D:3:      tso_oasis_becter, uniq_grinder, uniq_robin

Skill      XL: |  1  2  3 |
---------------+----------+-----
Staves         | 5 |  5.7
Dodging        | 1 |  1.0
Fighting       | |  1.5
Maces & Flails | |  0.7
Stealth        | |  1.0
Shields        | |  1.0
Spellcasting   | |  1.0
Translocations | |  1.0
Fire Magic     | |  1.1

Action                   |  1- 3 |  4- 6 || total
-------------------------+-------+-------++-------
Melee: Quarterstaff      |    83 |     2 ||    85
       Kick              |    15 |     6 ||    21
       Peck              |    10 |     3 ||    13
       Whip              |       |    15 ||    15
  Use: Scroll            |     6 |     1 ||     7
       Potion            |     1 |     1 ||     2
 Stab: Sleeping          |     4 |     1 ||     5
  Eat: Chunk             |     2 |     1 ||     3
Armor: Robe              |    22 |     1 ||    23
Dodge: Dodged            |    53 |     8 ||    61
